 Dungeon Crawl Stone Soup version 0.31.0-11-ge490571c62 (webtiles) character file.

Game seed: 17512501379068961601

49 qw the Shooter (level 3, 0/18 HPs)
             Began as a Spriggan Hunter on Feb 3, 2024.
             Slain by an orc
             ... wielding a +0 hand axe
              (6 damage)
             ... on level 2 of the Dungeon.
             The game lasted 00:00:17 (728 turns).

qw the Shooter (Spriggan Hunter)                     Turns: 728, Time: 00:00:18

Health: 0/18       AC:  2    Str:  7    XL:     3   Next: 51%
Magic:  4/4        EV: 19    Int: 10    God:
Gold:   45         SH:  0    Dex: 20    Spells: 2/2 levels left

rFire   . . .        a - +0 shortbow
rCold   . . .        (shield currently unavailable)
rNeg    + + .        c - +0 robe
rPois   .            (helmet restricted)
rElec   .            (no cloak)
rCorr   .            (gloves unavailable)
SInv    +            (boots unavailable)
Will    .....        (no amulet)
Stlth   ++           h - ring of positive energy
HPRegen 0.23/turn    i - ring of positive energy
MPRegen 0.09/turn

%: no passive effects
@: very quick
A: very small, no large weapons, unfitting armour, see invisible, speed 3
a: no special abilities


You were on level 2 of the Dungeon.
You visited 1 branch of the dungeon, and saw 2 of its levels.

You collected 45 gold pieces.


Innate Abilities, Weirdness & Mutations

You are very small and have problems with some larger weapons.
You are too small for most types of armour.
You have supernaturally acute eyesight. (SInv)
You cover ground extremely quickly. (Speed+++)


   Skills:
 - Level 1.5 Fighting
 + Level 4.8 Ranged Weapons
 - Level 4.0 Dodging
 - Level 1.5 Stealth


You had 2 spell levels left.
You didn't know any spells.
Your spell library was empty.

Inventory:

Hand Weapons
 a - a +0 shortbow (weapon)
Armour
 c - a +0 robe (worn)
Jewellery
 h - a ring of positive energy (left hand)
 i - a ring of positive energy (right hand)
Scrolls
 b - a scroll of identify
 d - a scroll of immolation {unknown}
Potions
 e - a potion of curing
 f - a potion of might
 g - a potion of resistance
 l - a potion of degeneration {unknown}
 m - a potion of ambrosia {unknown}

Dungeon Overview and Level Annotations

Branches:
Dungeon (2/15)

Altars:


Message History

An orc comes into view. It is wielding a +0 flail.
You shoot an arrow. The arrow barely misses the orc wizard.
The arrow hits the endoplasm.
The endoplasm is almost dead.
The endoplasm jiggles.
You shoot an arrow. The arrow hits the orc wizard.
The orc wizard is lightly wounded.
You shoot an arrow.
The arrow closely misses the orc wizard.
The arrow closely misses the orc.
The arrow hits the endoplasm but does no damage.
The endoplasm is almost dead.
The orc wizard misses you.
The orc wizard hits you with a +0 dagger.
You shoot an arrow. The arrow hits the endoplasm.
You kill the endoplasm!
The orc wizard points at you and mumbles some strange words.
The magic dart hits you!
Ouch! That really hurt!
You shoot an arrow. The arrow hits the orc.
You kill the orc!
The orc wizard gestures at you while chanting.
You are confused.
725 ||| DRINKING 2 potions of curing.
You feel better.
725 ||| (to cure confusion)
The orc wizard hits you with a +0 dagger.
The orc misses you.
You shoot an arrow.
The arrow hits the orc wizard but does no damage.
The orc wizard is lightly wounded.
The orc wizard completely misses you.
You shoot an arrow. The arrow hits the orc wizard.
The orc wizard is moderately wounded.
The orc barely misses you.
The orc wizard gestures at you while chanting.
The puff of flame hits you! The orc completely misses you.
You shoot an arrow. The arrow hits the orc wizard!
The orc wizard is almost dead.
The orc wizard barely misses you. The orc hits you with a +0 hand axe.
You die...

##... . ../.. .( ##...
.?# ##### ##....## ...
....## #....... ..####
.....# .......#+#......
.(...#.#####....@o......
.....#..........oo......
.....#...............:..
.....#.........########.
.....#.........#
.....#.........#
.....#.........#
.....#.........#
..(..#..)......#


You could see an orc wizard and 2 orcs.

Vanquished Creatures
  An adder (D:2)
  4 dart slugs
  An orc (D:2)
  3 endoplasms
  3 goblins (D:1)
  2 hobgoblins
  A quokka (D:2)
  3 ball pythons
  5 bats (D:1)
  3 frilled lizards
  4 kobolds
  2 rats (D:1)
32 creatures vanquished.

Notes
Turn   | Place    | Note
-------+----------+-------------------------------------------
     0 | D:1      | qw the Spriggan Hunter began the quest for the Orb.
     0 | D:1      | Reached XP level 1. HP: 10/10 MP: 2/2
     0 | D:1      | 0 ||| qw: Version: 0.3-a-155-g5e7d8dd
     0 | D:1      | 0 ||| qw: Game counter: 3444
     0 | D:1      | 0 ||| qw: Melee chars always use a shield: true
     0 | D:1      | 0 ||| qw: God list: Okawaru
     0 | D:1      | 0 ||| qw: Allow faded altars: false
     0 | D:1      | 0 ||| qw: Do Orc after clearing Dungeon:15 true
     0 | D:1      | 0 ||| qw: Do second Lair branch before Depths: true
     0 | D:1      | 0 ||| qw: Lair rune preference: random
     0 | D:1      | 0 ||| qw: Goals: Normal
     0 | D:1      | 0 ||| PLANNING D:1-11
    23 | D:1      | Reached skill level 3 in Dodging
   160 | D:1      | Reached XP level 2. HP: 9/14 MP: 3/3
   461 | D:1      | 461 ||| DROPPING amulet of magic regeneration.
   462 | D:1      | 462 ||| UPGRADING to ring of positive energy.
   463 | D:1      | 463 ||| UPGRADING to ring of positive energy.
   464 | D:1      | 464 ||| READING 3 scrolls labelled TOUHOKHLEIRA.
   464 | D:1      | 464 ||| IDENTIFYING cyan potion
   465 | D:1      | 465 ||| READING 2 scrolls of identify.
   465 | D:1      | 465 ||| IDENTIFYING bubbling purple potion
   466 | D:1      | 466 ||| READING scroll of identify.
   466 | D:1      | 466 ||| IDENTIFYING glowing white potion
   467 | D:1      | 467 ||| READING scroll labelled NOEMOOC PUBUPS.
   467 | D:1      | 467 ||| ENCHANTING +0 shortbow.
   468 | D:1      | 468 ||| DRINKING 3 white potions.
   469 | D:1      | 469 ||| DROPPING scroll of butterflies.
   470 | D:1      | 470 ||| DROPPING potion of berserk rage.
   584 | D:2      | Reached XP level 3. HP: 18/18 MP: 4/4
   605 | D:2      | Found a faded altar of an unknown god.
   725 | D:2      | 725 ||| DRINKING 2 potions of curing.
   725 | D:2      | 725 ||| (to cure confusion)
   728 | D:2      | Slain by an orc

Levels and vault maps discovered:
D:1:      minmay_arrival_checkered_box, layout_rooms
D:2:      layout_basic, serial_curves, eino_curves_04, eino_curves_01,
          nicolae_ecumenical_lake_church, grunt_ministairs_14,
          due_unseen_surprise, uniq_natasha, uniq_sigmund

Skill      XL: |  1  2 |
---------------+-------+-----
Dodging        | 3 4 |  4.0
Fighting       | |  1.5
Ranged Weapons | |  4.8
Stealth        | |  1.5

Action                     || total
---------------------------++-------
   Fire: Shortbow          ||    91
    Use: Scroll            ||     4
         Potion            ||     2
 Armour: Robe              ||    11
  Dodge: Dodged            ||    19

Table legend:
 A = Non-vault XP
 B = Vault XP
 C = Vault XP percentage of total XP
 D = Non-vault monster count
 E = Vault monster count
 F = Vault count percentage of total count
                 A         B        C        D         E       F
            +---------+---------+-------+---------+---------+-------
      Total |      70 |       0 |   0.0 |      32 |       0 |   0.0
            +---------+---------+-------+---------+---------+-------
        D:1 |      33 |       0 |   0.0 |      20 |       0 |   0.0
        D:2 |      37 |       0 |   0.0 |      12 |       0 |   0.0
            +---------+---------+-------+---------+---------+-------
